 Dungeon Crawl Stone Soup version bcrawl-1.19.2-6-g6a88ae04c9 (webtiles) character file.

Game seed: 11405947511107458924

385 Freyura the Covered (level 6, 0/39 HPs)
             Began as a Gargoyle Fighter on Jan 5, 2020.
             Slain by a hornet (7 damage)
             ... on level 4 of the Dungeon.
             The game lasted 00:08:56 (2592 turns).

Freyura the Covered (Gargoyle Fighter)              Turns: 2592, Time: 00:08:57

Health: 0/39       AC: 14    Str: 19    XL:     6   Next: 77%
Magic:  6/6        EV:  8    Int:  9    God:
Gold:   173        SH:  9    Dex: 11    Spells: 5/5 levels left

rFire    . . .     SeeInvis .   a - +0 flail
rCold    . . .     Gourm    .   c - +0 shield
rNeg     + . .     Faith    .   b - +0 scale mail
rPois    ∞         Spirit   .   h - +2 helmet
rElec    +         Reflect  .   (no cloak)
rCorr    .         Harm     .   (no gloves)
MR       .....                  (no boots)
Stlth    ..........             (no amulet)
HPRegen  0.13/turn              (no ring)
MPRegen  0.10/turn              (no ring)

@: no status effects
A: negative energy resistance 1, electricity resistance, unbreathing,
petrification resistance, rot immunity, AC +4
a: no special abilities


You were on level 4 of the Dungeon.
You were not hungry.

You visited 1 branch of the dungeon, and saw 4 of its levels.

You collected 173 gold pieces.

Inventory:

Hand Weapons
 a - a +0 flail (weapon)
Armour
 b - a +0 scale mail (worn)
 c - a +0 shield (worn)
 h - a +2 helmet (worn)
 j - a +0 chain mail
Wands
 i - a wand of polymorph (6)
 r - a wand of digging (6)
Scrolls
 e - a scroll of identify
 l - a scroll of immolation
 p - 2 scrolls of remove curse
Potions
 d - 2 potions of might
 k - 2 potions of heal wounds
 n - 2 potions of brilliance
 o - a potion of ambrosia
 t - 6 potions of curing
 u - a potion of flight
 v - a potion of berserk rage
 w - a potion of haste {unknown}
Comestibles
 f - 2 rations {!d}
 g - 4 chunks of flesh


   Skills:
 + Level 4.3 Fighting
 * Level 4.3 Maces & Flails
 + Level 4.4 Armour
 + Level 2.0 Dodging
 + Level 4.3 Shields


You had 5 spell levels left.
You didn't know any spells.
Your spell library was empty.

Dungeon Overview and Level Annotations

Branches:
Dungeon (4/12)             Temple (0/1) D:4

Altars:
Lugonu
Okawaru


Innate Abilities, Weirdness & Mutations

You are resistant to torment.
Your stone body is resilient. (AC +4)
You are immune to poison.
You resist negative energy. (rN+)
You are resistant to electric shocks. (rElec)
You can survive without breathing.
You are immune to petrification.
You are immune to rotting.


Message History

You barely miss the hornet.
The hornet is heavily wounded.
You block the hornet's attack.
The hornet stings you but does no damage.
You closely miss the hornet.
The hornet is heavily wounded.
The hornet stings you.
* * * LOW HITPOINT WARNING * * *
The hornet stings you but does no damage.
You closely miss the hornet.
The hornet is heavily wounded.
The hornet stings you but does no damage.
You hit the hornet.
The hornet is severely wounded.
The hornet stings you but does no damage. x2
You hit the hornet but do no damage.
The hornet is severely wounded.
The hornet stings you but does no damage.
The hornet stings you!
You die...

...........)..###...#
#.####.#.########))>#
..####...####.......#
..............##....#
.#####..###.##......####.
........).........##.....
........######...........
........# ##.§§........
.#.#.##.# #..§@§.......
................y........
.#.#...............#.....
.........................
.#...###.................
.#.... ........._.......
.#.##. #..#####..#.####
..# .....#


You could see a hornet.

Vanquished Creatures
  A sky beast (D:4)
  An ogre (D:4)
  A jelly (D:3)
  2 hounds
  Jessica (D:2)
  Ijyb (D:4)
  A gnoll (D:3)
  An adder skeleton (D:3)
  A worm (D:2)
  A dart slug (D:1)
  3 leopard geckos
  3 orcs
  4 goblins
  5 hobgoblins
  2 jackals (D:1)
  8 kobolds
  5 quokkas (D:3)
  8 bats
  2 frilled lizards
  4 rats
  A plant (D:1)
56 creatures vanquished.

Notes
Turn   | Place    | Note
-------+----------+-------------------------------------------
     0 | D:1      | Freyura the Gargoyle Fighter began the quest for the Orb.
     0 | D:1      | Reached XP level 1. HP: 14/14 MP: 1/1
   486 | D:1      | Reached XP level 2. HP: 16/19 MP: 2/2
  1021 | D:2      | Found a faded altar of an unknown god.
  1042 | D:2      | Noticed Jessica
  1055 | D:2      | Killed Jessica
  1055 | D:2      | Reached XP level 3. HP: 21/23 MP: 3/3
  1619 | D:3      | Reached XP level 4. HP: 29/29 MP: 4/4
  1721 | D:3      | Reached skill level 1 in Dodging
  1787 | D:3      | Found an iron altar of Okawaru.
  2149 | D:3      | Reached XP level 5. HP: 32/33 MP: 5/5
  2430 | D:4      | Noticed an ogre
  2446 | D:4      | Killed an ogre
  2446 | D:4      | Reached XP level 6. HP: 37/38 MP: 6/6
  2509 | D:4      | Noticed Ijyb
  2537 | D:4      | Killed Ijyb
  2538 | D:4      | Found a staircase to the Ecumenical Temple.
  2547 | D:4      | Noticed a sky beast
  2560 | D:4      | Killed a sky beast
  2562 | D:4      | Found a corrupted altar of Lugonu.
  2564 | D:4      | Noticed a hornet
  2592 | D:4      | Slain by a hornet

Skill      XL: |  1  2  3  4  5  6 |
---------------+-------------------+-----
Maces & Flails | 3 4 |  4.3
Dodging        | 1 2 |  2.0
Armour         | 4 |  4.4
Fighting       | 4 |  4.3
Shields        | 4 |  4.3

Action                   |  1- 3 |  4- 6 || total
-------------------------+-------+-------++-------
Melee: Flail             |   136 |   163 ||   299
       Unarmed           |       |     3 ||     3
  Use: Scroll            |     4 |     9 ||    13
  Eat: Chunk             |     2 |     4 ||     6
Armor: Scale mail        |    67 |   117 ||   184
Dodge: Dodged            |    38 |    70 ||   108
Block: Shield            |    58 |    93 ||   151
